 Dungeon Crawl Stone Soup version 0.22-a0-254-gaf95ca0 (webtiles) character file.

2454 Amnesiac the Zephyrmancer (level 9, -3/45 HPs)
             Began as a Tengu Air Elementalist on Mar 4, 2018.
             Was a High Priest of Uskayaw.
             Slain by an orc warrior
             ... wielding a +0 war axe
              (19 damage)
             ... in a bailey.
             The game lasted 00:18:26 (8000 turns).

Amnesiac the Zephyrmancer (Tengu Air Elementalist)  Turns: 8000, Time: 00:18:27

Health: -3/45      AC:  6    Str:  9    XL:     9   Next: 50%
Magic:  1/18       EV: 13    Int: 18    God:    Uskayaw [*****.]
Gold:   250        SH:  0    Dex: 15    Spells: 4/18 levels left

rFire    . . .     SeeInvis .   (no weapon)
rCold    . . .     Gourm    .   (no shield)
rNeg     . . .     Faith    .   a - +1 robe
rPois    +         Spirit   .   (helmet restricted)
rElec    .         Reflect  .   (no cloak)
rCorr    .         Harm     .   (no gloves)
MR       .....                  (boots unavailable)
Stlth    ++........             (no amulet)
HPRegen  0.15/turn              y - +3 ring of protection
MPRegen  0.16/turn              h - ring of poison resistance

@: very slightly contaminated
A: beak, talons 3, able to fly 1
a: Fly, Stomp, Line Pass, Grand Finale, Renounce Religion


You were in a bailey.
You worshipped Uskayaw.
Uskayaw was noncommittal.
You were not hungry.

You visited 2 branches of the dungeon, and saw 8 of its levels.
You also visited: Sewer and Bailey.

You collected 250 gold pieces.

Inventory:

Hand Weapons
 t - a +3 scythe of protection
 x - the +5 scythe "Finisher" {speed, Str+3}
   (You found it on level 4 of the Dungeon)

   Attacks with this weapon are significantly faster.
   It affects your strength (+3).
Missiles
 g - 274 stones (quivered)
 o - 2 throwing nets
 q - 31 poisoned needles
Armour
 a - a +1 robe (worn)
Jewellery
 h - a ring of poison resistance (right hand)
 w - an uncursed ring of wizardry
 y - a +3 ring of protection (left hand)
Wands
 v - a wand of polymorph (11)
Scrolls
 k - 5 scrolls of teleportation {!r}
 l - a scroll of fog {!r}
 n - 2 scrolls of remove curse {!r}
 r - a scroll of blinking {!r}
Potions
 b - 7 potions of curing {!q}
 e - 2 potions of heal wounds {!q}
 f - 2 potions of agility {!q}
 i - 3 potions of might {!q}
 j - 2 potions of berserk rage {!q}
 p - 2 potions of flight {!q}
 u - 2 potions of lignification {!q}
 A - 4 potions of brilliance {!q}
 C - a potion of haste {!q}
 D - 4 potions of magic {!q}
 F - a potion of invisibility {!q}
Comestibles
 c - 8 rations


   Skills:
 - Level 2.1 Dodging
 - Level 2.0 Stealth
 + Level 5.3 Spellcasting
 * Level 10.6 Conjurations
 * Level 10.7 Air Magic


You had 4 spell levels left.
You knew the following spells:

 Your Spells              Type           Power        Failure   Level  Hunger
a - Shock                 Conj/Air       ####         1%          1    None
b - Static Discharge      Conj/Air       #####...     1%          3    ##.....
c - Airstrike             Air            #####.....   1%          4    ####...
d - Lightning Bolt        Conj/Air       #####.....   4%          5    ######.
z - Confusing Touch       Hex            #.....       13%         1    None


Dungeon Overview and Level Annotations

Branches:
Dungeon (7/15)             Temple (1/1) D:4

Altars:
Cheibriados
Dithmenos
Elyvilon
Fedhas
Gozag
Hepliaklqana
Kikubaaqudgha
Makhleb
Nemelex Xobeh
Okawaru
Qazlal
Ru
Sif Muna
Trog
Uskayaw
Vehumet
Wu Jian
Xom
Yredelemnul
Zin
The Shining One

Annotations:
D:7 HEYYEYAAE's ghost, novice DgSu


Innate Abilities, Weirdness & Mutations

You have a beak for a mouth.
You have claws for feet.
You can fly.


Message History

Aiming: Shock (safe; 1% risk of failure)
Press: ? - help, Shift-Dir - straight line, f - orc warrior
Aim: an orc warrior, wielding a hand axe and wearing a ring mail (lightly wounded)
The zap hits the orc warrior.
The orc warrior is lightly wounded.
The zap misses the orc warrior.
Unknown command.
Casting: Shock (safe; 1% risk of failure)
Confirm with . or Enter, or press ? or * to list all spells.
Aiming: Shock (safe; 1% risk of failure)
Press: ? - help, Shift-Dir - straight line, f/p - orc warrior
Aim: an orc warrior, wielding a hand axe and wearing a ring mail (lightly wounded)
The zap hits the orc warrior.
The orc warrior is lightly wounded.
The zap misses the orc warrior.
A goblin comes into view. It is wielding a hand axe.
Unknown command.
Casting: Shock (safe; 1% risk of failure)
Confirm with . or Enter, or press ? or * to list all spells.
Aiming: Shock (safe; 1% risk of failure)
Press: ? - help, Shift-Dir - straight line, f/p - orc warrior
Aim: an orc warrior, wielding a hand axe and wearing a ring mail (lightly wounded)
The zap hits the orc warrior.
The orc warrior is moderately wounded.
The zap hits the orc warrior.
The orc warrior is lightly wounded.
The zap hits the goblin.
You kill the goblin!
Unknown command.
Wield which item (- for none, * to show all)? (? for menu, Esc to quit)
You are already empty-handed.
Press: ? - help, v - describe, . - travel, g - get item
Here: an orc warrior, wielding a hand axe and wearing a ring mail (moderately wounded)
A war axe.
There is something else lying underneath.
The floor.
Unknown command.
Unknown command.
Casting: Shock (safe; 1% risk of failure)
Confirm with . or Enter, or press ? or * to list all spells.
Your hands begin to glow red.
The orc warrior hits you with a hand axe!
Really attack barehanded?
You hit the orc warrior but do no damage.
The orc warrior is moderately wounded.
The orc warrior hits you with a hand axe!
* * * LOW HITPOINT WARNING * * *
Uskayaw prepares the audience for your solo!
The helpless orc warrior fails to defend itself.
You hit the orc warrior but do no damage.
The orc warrior appears confused.
The orc warrior is moderately wounded.
The orc warrior is no longer paralysed. x2
The orc warrior falls into the water!
The orc warrior drowns.
You hear a splash. x2
Uskayaw prepares the audience for your solo!
Casting: Confusing Touch (safe; 13% risk of failure)
Confirm with . or Enter, or press ? or * to list all spells.
You miscast Confusing Touch.
You are very lightly contaminated with residual magic.
Your skin tingles.
The orc warrior is no longer paralysed.
The orc warrior hits you with a war axe!!
You die...

****##)##****
*.(.* *.).*
*...*
**####(####**
*,,..≈)≈..,,*
#'###≈)≈###'#
#....≈o≈....#
#'###≈@≈###'#
#....≈.≈....#
#'###≈.≈###'#
#....≈.≈....#
#'###≈.≈###'#
#....≈.≈(...#
#'###≈.≈###'#
#....≈.≈(...#
#'###≈.≈###'#


You could see an orc warrior.

Vanquished Creatures
  Sigmund (D:3)
  Duvessa (D:6)
  4 orc warriors (Bailey)
  A sky beast (D:6)
  A black bear (D:6)
  2 ice beasts (D:6)
  A centaur (D:5)
  A bullfrog (D:5)
  Dowan (D:6)
  3 scorpions
  A water moccasin skeleton (D:5)
  3 killer bees (D:6)
  2 howler monkeys
  A quasit (D:5)
  A centaur zombie (D:5)
  A jelly (D:6)
  4 hounds
  A gnoll shaman (D:6)
  2 bullfrog skeletons (D:6)
  2 iguanas
  4 worker ants
  Terence (D:3)
  13 adders
  7 gnolls
  2 river rats (D:5)
  A shadow imp (D:6)
  An adder skeleton (D:7)
  5 worms
  2 dart slugs
  10 leopard geckos
  16 orcs
  2 ball pythons (Sewer)
  6 giant cockroaches
  10 goblins
  7 hobgoblins
  11 jackals
  5 quokkas
  A ball python skeleton (D:5)
  8 bats
  10 frilled lizards
  29 kobolds
  A leopard gecko skeleton (D:5)
  A quokka skeleton (D:4)
  10 rats
  5 plants (Sewer)
202 creatures vanquished.

Notes
Turn   | Place    | Note
-------+----------+-------------------------------------------
     0 | D:1      | Amnesiac the Tengu Air Elementalist began the quest for the Orb.
     0 | D:1      | Reached XP level 1. HP: 10/10 MP: 4/4
    33 | D:1      | You fall through a shaft!
   411 | D:1      | Reached XP level 2. HP: 15/15 MP: 0/6
   931 | D:2      | Reached XP level 3. HP: 19/19 MP: 3/7
  1213 | D:2      | Found a faded altar of an unknown god.
  1220 | D:2      | Reached XP level 4. HP: 22/24 MP: 0/8
  1682 | D:3      | Noticed Terence
  1693 | D:3      | Reached skill level 5 in Conjurations
  1693 | D:3      | Reached skill level 5 in Air Magic
  1693 | D:3      | Gained mutation: You can fly. [Tengu growth]
  1693 | D:3      | Reached XP level 5. HP: 22/28 MP: 2/9
  1710 | D:3      | Killed Terence
  1857 | D:3      | Noticed Sigmund
  1872 | D:3      | Learned a level 3 spell: Static Discharge
  1877 | D:3      | Learned a level 4 spell: Airstrike
  1880 | D:3      | Learned a level 1 spell: Confusing Touch
  1956 | D:3      | Killed Sigmund
  1956 | D:3      | Reached XP level 6. HP: 13/32 MP: 0/11
  3003 | D:4      | Found the +5 scythe "Finisher" {speed, Str+3}
  3342 | D:4      | Reached XP level 7. HP: 33/36 MP: 8/12
  3721 | D:4      | Found a staircase to the Ecumenical Temple.
  3879 | D:5      | Entered Level 5 of the Dungeon
  4056 | D:5      | Found a glowing drain.
  4187 | Sewer    | Entered a sewer
  4990 | D:5      | Reached XP level 8. HP: 39/41 MP: 7/14
  5043 | D:5      | Learned a level 5 spell: Lightning Bolt
  5794 | Temple   | Entered the Ecumenical Temple
  5859 | Temple   | Became a worshipper of Uskayaw the Reveler
  5944 | D:6      | Reached * piety under Uskayaw
  5992 | D:6      | Reached ** piety under Uskayaw
  6254 | D:6      | Reached *** piety under Uskayaw
  6255 | D:6      | HP: 2/41 [killer bee (5)]
  6260 | D:6      | Reached **** piety under Uskayaw
  6340 | D:6      | Noticed Duvessa
  6827 | D:6      | Reached ***** piety under Uskayaw
  6830 | D:6      | Reached XP level 9. HP: 39/45 MP: 5/17
  7206 | D:6      | Noticed Dowan
  7208 | D:6      | Killed Duvessa
  7208 | D:6      | Reached skill level 5 in Spellcasting
  7208 | D:6      | Reached skill level 10 in Air Magic
  7214 | D:6      | Killed Dowan
  7214 | D:6      | Reached skill level 10 in Conjurations
  7533 | D:7      | Noticed HEYYEYAAE's ghost (novice DgSu)
  7548 | D:7      | Found a flagged portal.
  7580 | Bailey   | Entered a bailey
  8000 | Bailey   | Slain by an orc warrior

Vault maps used:
D:1:      minmay_arrival_checkered_box, solitary_fountain
D:2:      chequers_ecumenical_altar_simple_redux
D:3:      first_ration, kennysheep_pointless_box, uniq_sigmund, uniq_terence
D:4:      minmay_temple_entry_from_below_b
D:5:      portal_sewer_entry_c
D:6:      uniq_duvessa
D:7:      enter_bailey_3, uniq_prince_ribbit1, uniq_menkaure, uniq_joseph,
          uniq_pikel
Temple:   dpeg_three_leaves_temple
Sewer:    sewer_co_scattered_pipes
Bailey:   bailey_axe_1, bailey

Skill      XL: |  1  2  3  4  5  6  7  8  9 |
---------------+----------------------------+-----
Conjurations   | 2 4 5 6 7 9 10 | 10.6
Air Magic      | 5 6 7 9 10 | 10.7
Spellcasting   | 3 4 5 |  5.3
Dodging        | |  2.1
Stealth        | |  2.0

Action                   |  1- 3 |  4- 6 |  7- 9 || total
-------------------------+-------+-------+-------++-------
Melee: Unarmed           |     8 |    10 |     4 ||    22
       Peck              |     2 |     7 |    24 ||    33
       Kick              |     1 |    11 |    41 ||    53
       Scythe            |       |    47 |   214 ||   261
 Cast: Shock             |    54 |    72 |   136 ||   262
       Confusing Touch   |       |     4 |     2 ||     6
       Static Discharge  |       |       |    15 ||    15
       Airstrike         |       |       |     5 ||     5
       Lightning Bolt    |       |       |     1 ||     1
 Abil: Fly               |       |       |     7 ||     7
  Use: Scroll            |       |     6 |    12 ||    18
       Potion            |       |       |     4 ||     4
 Stab: Confused          |       |     2 |       ||     2
       Sleeping          |       |     6 |     6 ||    12
       Paralysed         |       |       |     4 ||     4
  Eat: Chunk             |     2 |     6 |    15 ||    23
       Ration            |       |       |     2 ||     2
Armor: Robe              |     6 |    17 |    56 ||    79
       Skin              |       |       |     5 ||     5
Dodge: Dodged            |     8 |    42 |   154 ||   204

Table legend:
 A = Spawn XP
 B = Non-spawn XP
 C = Spawn XP percentage of total XP
 D = Spawn monster count
 E = Non-spawn monster count
 F = Spawn count percentage of total count
 G = Total turns spent on level
                    A         B        C        D         E        F      G
               +---------+---------+-------+---------+---------+-------+---------
         Total |       0 |    3507 |   0.0 |       0 |     197 |   0.0 |  8000
               +---------+---------+-------+---------+---------+-------+---------
           D:1 |       0 |      21 |   0.0 |       0 |      14 |   0.0 |   863
           D:2 |       0 |     132 |   0.0 |       0 |      20 |   0.0 |   798
           D:3 |       0 |     390 |   0.0 |       0 |      30 |   0.0 |  1179
           D:4 |       0 |     225 |   0.0 |       0 |      17 |   0.0 |  1059
           D:5 |       0 |     640 |   0.0 |       0 |      25 |   0.0 |  1048
           D:6 |       0 |    1337 |   0.0 |       0 |      31 |   0.0 |  1639
           D:7 |       0 |      91 |   0.0 |       0 |       7 |   0.0 |   158
         Sewer |       0 |      72 |   0.0 |       0 |      24 |   0.0 |   764
        Bailey |       0 |     599 |   0.0 |       0 |      29 |   0.0 |   420
               +---------+---------+-------+---------+---------+-------+---------
